 Dungeon Crawl Stone Soup version 0.21-a0-163-g3aa3f5d (webtiles) character file.

204 tehllama the Digger (level 5, -7/28 HPs)
             Began as a Gargoyle Earth Elementalist on Aug 5, 2017.
             Killed from afar by Ijyb (10 damage)
             ... with a wand of flame (?/48)
             ... on level 3 of the Dungeon.
             The game lasted 00:07:48 (3382 turns).

tehllama the Digger (Gargoyle Earth Elementalist)   Turns: 3382, Time: 00:07:49

Health: -7/28      AC:  8    Str: 12    XL:     5   Next: 82%
Magic:  6/10       EV: 12    Int: 16    God:
Gold:   107        SH:  0    Dex: 10    Spells: 6/10 levels left

rFire    . . .     SeeInvis .   y - +0 whip
rCold    . . .     Gourm    .   (no shield)
rNeg     + . .     Faith    .   c - +0 robe
rPois    ∞         Spirit   .   (no helmet)
rElec    +         Reflect  .   b - +0 cloak {MR+}
rCorr    .         Harm     .   i - +0 pair of gloves (curse)
MR       +....                  (no boots)
Stlth    ++........             n - amulet of rage
HPRegen  0.09/turn              (no ring)
MPRegen  0.12/turn              (no ring)

@: no status effects
A: negative energy resistance 1, electricity resistance, unbreathing,
petrification resistance, rot immunity, AC +4
a: Evoke Berserk Rage


You were on level 3 of the Dungeon.
You were hungry.

You visited 1 branch of the dungeon, and saw 3 of its levels.

You collected 107 gold pieces.

Inventory:

Hand Weapons
 y - a +0 whip (weapon)
Missiles
 s - 5 stones (quivered)
Armour
 b - a +0 cloak of magic resistance (worn)
 c - a +0 robe (worn)
 i - a cursed +0 pair of gloves (worn)
Jewellery
 n - an amulet of rage (around neck)
Scrolls
 a - a scroll of teleportation
 f - 2 scrolls of magic mapping {unknown}
 l - 2 scrolls of fear
 m - a scroll of remove curse
 p - 3 scrolls of identify
 w - a scroll of recharging {unknown}
Potions
 g - a potion of flight
 j - a potion of magic {unknown}
 k - a potion of haste {unknown}
 o - 3 potions of curing {unknown}
 q - a potion of cancellation {unknown}
 r - a potion of agility {unknown}
 t - a potion of lignification {unknown}
 u - a potion of degeneration {unknown}
Books
 e - a book of Geomancy

   Spells                             Type                      Level
   a - Sandblast                      Earth                        1
   b - Passwall                       Transmutation/Earth          2
   c - Stone Arrow                    Conjuration/Earth            3
   d - Petrify                        Transmutation/Earth          4
   e - Lee's Rapid Deconstruction     Earth                        5
Comestibles
 d - 4 bread rations
 v - a meat ration
 x - 5 chunks of flesh


   Skills:
 - Level 0.6 Maces & Flails
 - Level 1.5 Dodging
 - Level 2.1 Stealth
 + Level 3.4 Spellcasting
 + Level 2.5 Conjurations
   Level 0.7 Transmutations
 + Level 5.5 Earth Magic


You had 6 spell levels left.
You knew the following spells:

 Your Spells              Type           Power        Failure   Level  Hunger
a - Sandblast             Erth           ###...       1%          1    None
b - Stone Arrow           Conj/Erth      ###...       10%         3    ###....


Dungeon Overview and Level Annotations

Branches:
Dungeon (3/15)

Altars:
Ashenzari
Hepliaklqana
Qazlal
Ru
Vehumet

Annotations:
D:3 Ijyb


Innate Abilities, Weirdness & Mutations

You are resistant to torment.
Your stone body is resilient. (AC +4)
You are immune to poison.
You resist negative energy. (rN+)
You are resistant to electric shocks. (rElec)
You can survive without breathing.
You are immune to petrification.
You are immune to rotting.


Message History

Ijyb zaps a wand.
The puff of flame hits you!
Casting: Sandblast
Confirm with . or Enter, or press ? or * to list all spells.
Aiming: Sandblast
Press: ? - help, Shift-Dir - straight line, f/p - Ijyb
Aim: Ijyb, wielding a dagger of venom, wearing a ring mail and carrying a wand of flame (?/48) {zapped: 2} (moderately wounded)
The blast of sand hits Ijyb.
Ijyb is moderately wounded.
s - 5 stones Ijyb zaps a wand.
The puff of flame hits you!
* * * LOW HITPOINT WARNING * * *
The worm bites you.
* * * LOW HITPOINT WARNING * * *
An adder comes into view.
Ijyb zaps a wand.
The puff of flame misses you.
You see here a +1 club.
The adder hisses angrily.
You are feeling hungry.
Ijyb zaps a wand.
The puff of flame hits you!
You die...

#.#...##
###.#w...###
#.Sw.g._....
#..###....#. #g.#
...# #.)# ###
#..####..
#.......#
#@#####.. #.# ###
#.# ##≈ ^ #.# #.#
#
#.############^###
#.........##...#^#
####..........§.≈≈
#...............
#........÷..^.≈.


You could see Ijyb, a worm and an adder.

Vanquished Creatures
  Crazy Yiuf (D:3)
  Jessica (D:3)
  Natasha (D:3)
  A gnoll (D:1)
  6 adders
  An ooze (D:3)
  2 worms
  A dart slug (D:1)
  A leopard gecko (D:1)
  2 orcs (D:3)
  A giant cockroach (D:3)
  5 goblins
  9 hobgoblins
  3 quokkas
  A ball python (D:2)
  5 bats
  2 frilled lizards
  5 kobolds
  5 rats
53 creatures vanquished.

Notes
Turn   | Place    | Note
-------+----------+-------------------------------------------
     0 | D:1      | tehllama the Gargoyle Earth Elementalist began the quest for the Orb.
     0 | D:1      | Reached XP level 1. HP: 10/10 MP: 3/3
   111 | D:1      | Reached skill level 4 in Earth Magic
   111 | D:1      | Reached XP level 2. HP: 8/15 MP: 1/5
   522 | D:1      | Reached XP level 3. HP: 17/19 MP: 6/6
   850 | D:1      | Learned a level 3 spell: Stone Arrow
  1532 | D:2      | Found a sacrificial altar of Ru.
  1617 | D:2      | Reached skill level 1 in Conjurations
  1617 | D:2      | Reached XP level 4. HP: 24/24 MP: 4/8
  1934 | D:2      | Found a shattered altar of Ashenzari.
  2624 | D:3      | Noticed Natasha
  2626 | D:3      | Noticed Jessica
  2634 | D:3      | Killed Natasha
  2634 | D:3      | Reached skill level 5 in Earth Magic
  2637 | D:3      | Killed Jessica
  2637 | D:3      | Reached XP level 5. HP: 28/28 MP: 3/9
  2657 | D:3      | Found a hazy altar of Hepliaklqana.
  2980 | D:3      | Found a runed door.
  2984 | D:3      | Noticed Crazy Yiuf
  3039 | D:3      | Killed Crazy Yiuf
  3294 | D:3      | Found a stormy altar of Qazlal.
  3368 | D:3      | Found a radiant altar of Vehumet.
  3369 | D:3      | Noticed Ijyb
  3382 | D:3      | Killed from afar by Ijyb

Vault maps used:
D:1:      mrwooster_arrival_arrow, nrook_uturn
D:2:      nicolae_ashenzari_panopticon, overflow_temple_1_default, first_bread,
          minmay_tree_intersection, minmay_unequal
D:3:      lemuel_doored_altar, grunt_qazlal_sundering,
          nicolae_overflow_crystal_walls, uniq_natasha, uniq_ijyb,
          uniq_crazy_yiuf_cottage, uniq_jessica

Skill      XL: |  1  2  3  4 |
---------------+-------------+-----
Earth Magic    | 4 5 |  5.5
Conjurations   | 1 2 |  2.5
Spellcasting   | 3 |  3.4
Maces & Flails | |  0.6
Dodging        | |  1.5
Stealth        | |  2.1
Transmutations | |  0.7

Action                   |  1- 3 |  4- 6 || total
-------------------------+-------+-------++-------
Melee: Club              |    88 |    63 ||   151
 Cast: Sandblast         |    13 |    31 ||    44
       Stone Arrow       |       |     4 ||     4
  Use: Scroll            |     7 |       ||     7
  Eat: Chunk             |     2 |     4 ||     6
       Royal jelly       |       |     1 ||     1
Armor: Robe              |    47 |    42 ||    89
Dodge: Dodged            |    82 |    60 ||   142
